 Dungeon Crawl Stone Soup version 0.21-a0-41-g5e91fef (webtiles) character file.

338 Duffy the Shield-Bearer (level 6, -4/56 HPs)
             Began as a Naga Fighter on June 4, 2017.
             Killed by nerve-wracking pain
             ... invoked by Grinder
              (7 damage)
             ... on level 2 of the Dungeon.
             The game lasted 00:03:26 (2953 turns).

Duffy the Shield-Bearer (Naga Fighter)              Turns: 2953, Time: 00:03:26

Health: -4/56      AC:  7    Str: 20    XL:     6   Next: 55%
Magic:  6/6        EV:  4    Int:  9    God:
Gold:   136        SH: 10    Dex: 10    Spells: 5/5 levels left

rFire    . . .     SeeInvis +   a - +0 war axe
rCold    . . .     Gourm    .   c - +0 shield
rNeg     . . .     Faith    .   h - +0 chain mail
rPois    +         Spirit   .   m - +0 helmet
rElec    .         Reflect  .   (no cloak)
rCorr    .         Harm     .   (no gloves)
MR       .....                  (no barding)
Stlth    ..........             (no amulet)
Regen    0.2/turn               (no ring)
MPRegen  0.1/turn               (no ring)

@: very slow
A: see invisible, deformed body, poison resistance, slowness 2, slow metabolism
1, spit poison 1, AC +2
a: Spit Poison


You were on level 2 of the Dungeon.
You were hungry.

You visited 1 branch of the dungeon, and saw 3 of its levels.

You collected 136 gold pieces.

Inventory:

Hand Weapons
 a - a +0 war axe (weapon)
 b - a +0 short sword of venom
Armour
 c - a +0 shield (worn)
 h - a +0 chain mail (worn)
 m - a +0 helmet (worn)
Wands
 n - a wand of random effects (0/48)
Scrolls
 e - a scroll of fog {unknown}
 g - a scroll of immolation {unknown}
 i - a scroll of noise {unknown}
 j - 9 scrolls of identify {unknown}
 l - a scroll of amnesia {unknown}
 s - a scroll of recharging {unknown}
Potions
 d - a potion of might
 q - 2 potions of brilliance {unknown}
 r - a potion of invisibility {unknown}
Comestibles
 f - 5 bread rations
 k - 2 meat rations
 o - a royal jelly
 p - 3 fruits


   Skills:
 - Level 3.0 Fighting
 - Level 2.0 Axes
 - Level 2.4 Armour
 + Level 5.9 Shields


You had 5 spell levels left.
You didn't know any spells.

Dungeon Overview and Level Annotations

Branches:
Dungeon (3/15)

Altars:
Fedhas
Kikubaaqudgha
The Shining One

Annotations:
D:2 Grinder


Innate Abilities, Weirdness & Mutations

You cannot wear boots.
Your serpentine skin is tough. (AC +2)
You have supernaturally acute eyesight. (SInv)
Armour fits poorly on your strangely shaped body.
Your system is resistant to poisons. (rPois)
You cover ground very slowly.
You have a slow metabolism.
You can spit poison.


Message History

Nothing appears to happen.
Grinder barely misses you. Grinder hits you but does no damage.
You see here 4 stones.
Grinder gestures at you.
You struggle to resist.
There is a stone staircase leading down, spattered with blood here.
You hit Grinder.
Grinder is almost dead.
Grinder looks more healthy.
Grinder gestures at you. Pain shoots through your body!
Grinder gestures at you. Pain shoots through your body!
Your +0 short sword of venom stops dripping with poison.
a - a +0 war axe (weapon)
You closely miss Grinder.
Grinder is almost dead.
Grinder gestures at you. Pain shoots through your body!
You die...

#########################
#........)@5............#
###.######[#######......###
#...# #........#.#.......
###.# #......#.#.#.....##
######.# #......#.#...)##.#
##...##.# #......#.####.##.##
#....'..# #..................
#....######......######.##.##
#....# #....##########.##..#


You could see Grinder.

Vanquished Creatures
  Sigmund (D:3)
  A centaur zombie (D:3)
  Jessica (D:2)
  A gnoll (D:1)
  3 adders
  An ooze (D:2)
  2 worms
  2 leopard geckos
  2 bat zombies (D:2)
  6 giant cockroaches
  7 goblins
  8 hobgoblins
  9 jackals (D:1)
  11 bats
  4 frilled lizards
  10 kobolds
  9 rats
78 creatures vanquished.

Notes
Turn   | Place    | Note
-------+----------+-------------------------------------------
     0 | D:1      | Duffy the Naga Fighter began the quest for the Orb.
     0 | D:1      | Reached XP level 1. HP: 21/21 MP: 1/1
   210 | D:1      | Reached XP level 2. HP: 8/28 MP: 2/2
   337 | D:1      | Reached skill level 3 in Shields
   903 | D:1      | Reached XP level 3. HP: 34/34 MP: 3/3
  1779 | D:2      | Reached skill level 4 in Shields
  1779 | D:2      | Reached XP level 4. HP: 41/42 MP: 4/4
  2070 | D:2      | Found a blossoming altar of Fedhas.
  2359 | D:2      | Found an ancient bone altar of Kikubaaqudgha.
  2582 | D:3      | Found a glowing golden altar of the Shining One.
  2666 | D:3      | Reached XP level 5. HP: 32/49 MP: 5/5
  2774 | D:3      | Noticed Jessica
  2775 | D:3      | Noticed Sigmund
  2846 | D:2      | Killed Jessica
  2846 | D:2      | Reached skill level 5 in Shields
  2887 | D:3      | Killed Sigmund
  2887 | D:3      | Reached XP level 6. HP: 46/56 MP: 6/6
  2908 | D:3      | Noticed Grinder
  2935 | D:2      | Paralysed by Grinder for 4 turns
  2953 | D:2      | Killed from afar by Grinder

Vault maps used:
D:1:      dpeg_arrival_shelter
D:2:      lemuel_zombie_altar_kikubaaqudgha, fedhas_altar_2, first_bread
D:3:      overflow_temple_1_default, lemuel_crystal_altar, minmay_crystal_room,
          uniq_jessica, uniq_grinder, uniq_sigmund

Skill      XL: |  1  2  3  4  5 |
---------------+----------------+-----
Shields        | 3 4 5 |  5.9
Fighting       | |  3.0
Axes           | |  2.0
Armour         | |  2.4

Action                   |  1- 3 |  4- 6 || total
-------------------------+-------+-------++-------
Melee: War axe           |    62 |     9 ||    71
       Short sword       |    76 |   127 ||   203
 Abil: Spit Poison       |     7 |     3 ||    10
Evoke: Wand              |       |    13 ||    13
 Stab: Paralysed         |       |     6 ||     6
  Eat: Chunk             |     2 |     3 ||     5
Armor: Chain mail        |    58 |    96 ||   154
       Scale mail        |     5 |       ||     5
Dodge: Dodged            |    23 |    21 ||    44
Block: Shield            |    86 |    83 ||   169
